 Dungeon Crawl Stone Soup version 0.26-a0-712-ga5a9c9c9d0 (webtiles) character file.

Game seed: 15093684693614948429

(classic levelgen) 249001 EnegeticOcto the Demolition Dwarf (level 18, -7/120 HPs)
             Began as a Deep Dwarf Fighter on Nov 3, 2020.
             Was an Elder of Makhleb.
             Mangled by an Orb Guardian (28 damage)
             ... on level 5 of the Realm of Zot.
             The game lasted 00:17:50 (15836 turns).

EnegeticOcto the Demolition Dwarf (DDFi)           Turns: 15836, Time: 00:17:51

Health: -7/120     AC: 25    Str: 32    XL:     18   Next: 37%
Magic:  2/10       EV: 14    Int:  9    God:    Makhleb [****..]
Gold:   2283       SH: 23    Dex: 18    Spells: 17/17 levels left

rFire    . . .     SeeInvis .   s - +9 war axe (elec)
rCold    . . .     Faith    .   c - +3 kite shield
rNeg     + + .     Spirit   .   t - +0 plate armour
rPois    +         Reflect  +   l - +2 hat
rElec    .         Harm     .   (no cloak)
rCorr    .         Rampage  .   w - +2 pair of gloves
MR       +++..                  F - +2 pair of boots
Stlth    ..........             j - amulet of Miracles {Reflect rPois rN+ Str+4 SH+5}
HPRegen  0.00/turn              C - +6 ring of dexterity
MPRegen  0.12/turn              b - ring of protection from magic

@: non-regenerating, hasted, very quick
A: damage resistance, heal wounds, frail 3, low mp 1, negative energy resistance
1, sense surroundings 3, no regeneration
}: 3/15 runes: barnacled, abyssal, gossamer
a: Heal Wounds, Minor Destruction, Lesser Servant of Makhleb, Major Destruction,
Renounce Religion


You were on level 5 of the Realm of Zot.
You worshipped Makhleb.
Makhleb was greatly pleased with you.
You visited 7 branches of the dungeon, and saw 38 of its levels.
You visited the Abyss 1 time.

You collected 2283 gold pieces.

Inventory:

Hand Weapons
 a - the +4 broad axe "Pomnyone" {vorpal, +Blink}
   (You acquired it on level 11 of the Dungeon)

   It inflicts extra damage upon your enemies.
   It lets you blink.
 s - a +9 war axe of electrocution (weapon)
Missiles
 r - 2 throwing nets (quivered)
Armour
 c - a +3 kite shield (worn)
 l - a +2 hat (worn)
 t - a +0 plate armour (worn)
 w - a +2 pair of gloves (worn)
 y - +0 swamp dragon scales
 F - a +2 pair of boots (worn)
Jewellery
 b - a ring of protection from magic (right hand)
 j - the amulet of Miracles (around neck) {Reflect rPois rN+ Str+4 SH+5}
   (You acquired it on level 2 of the Lair of Beasts)

   [amulet of reflection]

   It shields you and reflects attacks.
   It affects your strength (+4).
   It protects you from poison.
   It protects you from negative energy.
   It affects your SH (+5).
 C - a +6 ring of dexterity (left hand)
Wands
 f - a wand of acid (6) {@v1}
 g - a wand of digging (5) {@v3}
 q - a wand of disintegration (3)
 v - a wand of polymorph (12)
 H - a wand of iceblast (4) {@v2}
Scrolls
 h - 14 scrolls of remove curse {@r2}
 i - 5 scrolls of immolation {@r4}
 m - 7 scrolls of teleportation {@r3}
 z - 3 scrolls of vulnerability
 A - 3 scrolls of fog
 G - 2 scrolls of enchant weapon
 J - 4 scrolls of identify {@r1}
 M - a scroll of blinking
Potions
 d - 3 potions of might {@q3}
 e - 11 potions of curing {@q1}
 k - 2 potions of magic
 n - 7 potions of flight
 o - a potion of berserk rage
 x - 3 potions of heal wounds {@q2}
 B - a potion of haste {@q4}
 D - 2 potions of mutation
 E - a potion of cancellation
 I - 2 potions of ambrosia


   Skills:
 * Level 13.4 Fighting
 - Level 16.8 Axes
 + Level 14.2 Armour
 + Level 9.2 Dodging
 + Level 14.3 Shields
 - Level 20.0 Invocations
 + Level 8.1 Evocations


You had 17 spell levels left.
You didn't know any spells.
Your spell library was empty.

Dungeon Overview and Level Annotations

Branches:
Dungeon (15/15)            Temple (1/1) D:7            Lair (4/6) D:8
 Shoals (4/4) Lair:3       Spider (4/4) Lair:3       Vaults (0/5) D:13
 Depths (5/5) D:15            Zot (5/5) Depths:5
    Orc: D:9-12

Altars:
Ashenzari
Cheibriados
Dithmenos
Elyvilon
Fedhas
Gozag
Hepliaklqana
Kikubaaqudgha
Makhleb
Nemelex Xobeh
Okawaru
Qazlal
Ru
Sif Muna
Trog
Uskayaw
Vehumet
Wu Jian
Xom
Yredelemnul
Zin
The Shining One

Portals:
Hell: Depths:2 Depths:4 Depths:5
Trove: D:10 (show slimy rune of Zot)

Annotations:
D:11 1 exclusion
D:14 exclusion: door
Lair:1 1 runed translucent door, Ishrent's ghost, novice DsWn
Spider:1 Roxanne
Zot:5 exclusion: obsidian statue


Innate Abilities, Weirdness & Mutations

You are resistant to damage.
You can heal yourself by infusing magical energy.
You resist negative energy. (rN+)
You passively map a large area around you.
You do not regenerate.
You are extremely frail. (-30% HP)
Your magical capacity is low. (-10% MP)


Message History

The Orb Guardian is moderately wounded.
You hit something but do no damage. The Orb Guardian completely misses you.
Something barely misses you.
You slash the Orb Guardian!
Lightning courses through the Orb Guardian!
The Orb Guardian is severely wounded.
You closely miss something. You slash the Orb Guardian!
The Orb Guardian is severely wounded.
You hit something but do no damage. The Orb Guardian barely misses you.
You slash the Orb Guardian!
Lightning courses through the Orb Guardian!!
You kill the Orb Guardian!
Makhleb accepts your kill.
You feel better.
Your Evocations skill increases to level 8!
You barely miss something. You block something's attack.
You slash something! You hit something but do no damage.
An Orb Guardian comes into view.
Something touches you but does no damage.
You slice something!! You slice something!!
An Orb Guardian comes into view.
You block something's attack.
You slice the moth of wrath!!
Lightning courses through the moth of wrath!
The moth of wrath is almost dead.
You closely miss something.
Your smoke demon barely misses something.
Your smoke demon closely misses something. x2
You block the moth of wrath's attack.
You slash the moth of wrath!
Lightning courses through the moth of wrath!
You kill the moth of wrath!
Makhleb accepts your kill.
You miss something. Something touches you! You partially resist.
You feel drained.
You hit something. You slash something!
You hear some strange, mumbled words.
Something tries to affect you, but you resist.
You barely miss something.
An Orb Guardian comes into view.
You hit something.
Something touches you but does no damage.
You completely miss something. You slash the Orb Guardian!
The Orb Guardian is lightly wounded.
You barely miss something.
Something touches you but does no damage.
The Orb Guardian hits you!!
You slash the Orb Guardian!
The Orb Guardian is moderately wounded.
You slice the Orb Guardian!!
Lightning courses through the Orb Guardian!
You hit something but do no damage. You closely miss the Orb Guardian.
The Orb Guardian is moderately wounded.
You slash the Orb Guardian!
Lightning courses through the Orb Guardian!
You hit something but do no damage. You block the Orb Guardian's attack.
Your smoke demon gestures at the Orb Guardian.
The ball of steam hits something but does no damage.
The ball of steam hits the Orb Guardian!!
The Orb Guardian closely misses you.
You hit the Orb Guardian but do no damage.
Lightning courses through the Orb Guardian!
The Orb Guardian is severely wounded.
You slash the Orb Guardian!
Lightning courses through the Orb Guardian!
You hit something.
Something touches you but does no damage.
You block the Orb Guardian's attack.
The Orb Guardian is engulfed in a cloud of scalding steam.
The Orb Guardian hits you!
Your smoke demon gestures at the Orb Guardian.
The sticky flame hits something.
The ancient lich is covered in liquid flames!
You hit the ancient lich.
The ancient lich is almost destroyed.
You miss the Orb Guardian. You slash the Orb Guardian!
The Orb Guardian is engulfed in a cloud of scalding steam.
You block the Orb Guardian's attack.
The ancient lich points at you and mumbles some strange words.
The iron shot hits you!!!!
Ouch! That really hurt!
* * * LOW HITPOINT WARNING * * *
You are too injured to fight recklessly!
Your magical essence is drained by the effort!
You feel much better.
The ancient lich burns!
The Orb Guardian is engulfed in a cloud of scalding steam.
You block the Orb Guardian's attack.
Your smoke demon gestures at the Orb Guardian.
The Orb Guardian is smitten.
The Orb Guardian dies!
Makhleb accepts your kill.
You feel your dexterity returning.
Your life force feels restored.
The Orb Guardian hits you!!
You die...

^,,,,,,,..........## #..........
,,,,,,,,...........# ##.........
,^,,,,,,^..........# #.........
,,,,^,,,...........# ##.......°.
,,,,,,,,...........# #.....☼○...
,,,,,,,,...........# *#......○†°.
,,,,^,,,...........#**......○○°○.
,,,,,,,,^......X3.##*,..#########
*,,,,,,^......XL@##,,,,**
**,,,,,,.......§.....#**
**,,,,,##▓▓▓▓▓▓▓▓▓▓▓#
**,,,,,,,,,,,,,,,****
*,,,,,,,,,,,,,,,,,,,***
,,,,,,,,,,,,,,,,,,,,,,**
,,,,,,,,,,,,,,,,,,,,,,,* ********
,,,,,,,,,,^,,,,,,,,,,,^***,,^,^,,
,,,,,,,,,,,,,,,,,,,,,,,**,,,,,,,,


You could see an ancient lich (invisible, burning), 2 Orb Guardians and a
friendly smoke demon (summoned).

Vanquished Creatures
  An orb of fire (Zot:4)
  A golden dragon (Zot:4)
  Arachne (Spider:3)
  2 bone dragons (Depths:5)
  2 electric golems
  A tentacled monstrosity (Abyss:3)
  An Orb Guardian (Zot:5)
  Gastronok (D:8)
  5 death cobs
  A tentacled starspawn (Abyss:3)
  2 draconian monks (Zot:4)
  A shadow dragon (Zot:2)
  2 storm dragons
  A frost giant (Depths:3)
  4 ghost moths
  3 draconian scorchers
  4 emperor scorpions
  Louise (Spider:3)
  A draconian stormcaller (Depths:5)
  A cacodemon (Abyss:3)
  2 draconian shifters (Zot:4)
  2 very ugly things (Depths:3)
  2 draconian annihilators (Zot:4)
  3 stone giants
  An entropy weaver (Spider:1)
  3 white draconians (Zot:4)
  6 green draconians
  A black draconian (Zot:4)
  4 red draconians (Zot:4)
  2 purple draconians
  A yellow draconian (Zot:4)
  A merfolk javelineer (Shoals:4)
  A green death (Abyss:3)
  An ettin (Depths:3)
  3 fire dragons
  A deep elf high priest (Depths:5)
  A yaktaur captain (Depths:4)
  An ice dragon (Depths:4)
  2 hydras
  A great orb of eyes (Depths:3)
  A quicksilver dragon skeleton (Abyss:3)
  A ghost crab (Abyss:3)
  A vault guard (D:13)
  3 boulder beetles
  An alligator snapping turtle (Shoals:4)
  2 centaur warriors (D:15)
  A catoblepas (Lair:4)
  3 merfolk aquamancers (Shoals:4)
  A two-headed ogre (D:13)
  A tengu warrior (D:13)
  2 deep troll earth magi (Depths:2)
  A vampire mage (Depths:3)
  A satyr (Spider:4)
  5 death yaks (Lair:3)
  3 hell knights (Depths:4)
  2 deep trolls (Depths:2)
  A sixfirhy (Abyss:3)
  3 unseen horrors
  5 sea snakes
  3 glowing orange brains
  A wolf spider zombie (D:14)
  9 orb spiders
  2 necromancers (Depths:4)
  A deep elf mage (D:13)
  3 harpies (Shoals:4)
  21 wolf spiders
  5 manticores
  9 ugly things
  6 moths of wrath
  19 elephants
  3 salamanders (Depths:4)
  2 fauns (Shoals:3)
  A water nymph (Shoals:4)
  3 merfolk sirens (Shoals:3)
  4 black mambas
  4 torpor snails
  Maggie (D:8)
  A yaktaur (D:13)
  11 cane toads
  2 kobold demonologists (D:15)
  6 komodo dragons
  13 demonic crawlers
  4 trolls
  17 jumping spiders
  2 polar bears (Lair:3)
  4 merfolk
  A hydra skeleton (Abyss:3)
  2 meliai (D:13)
  A large abomination (Abyss:3)
  2 wind drakes (Shoals:4)
  5 hornets
  A raiju (Abyss:3)
  3 snapping turtles (Shoals:4)
  4 slime creatures (D:13)
  43 redbacks
  4 wyverns
  23 yaks
  4 fire bats (D:14)
  22 tarantellas
  3 wraiths
  2 basilisks
  19 humans (D:13)
  Grum (D:8)
  A steam dragon (Lair:3)
  Eustachio (D:5)
  4 vampire mosquitoes (D:10)
  2 insubstantial wisps
  Edmund (D:5)
  5 water moccasins
  A floating eye (D:13)
  9 ice beasts
  11 orc warriors
  3 black bears
  3 sky beasts
  11 ogres
  2 phantoms
  4 boggarts (D:15)
  A necrophage (D:10)
  10 centaurs
  5 small abominations
  11 wolves
  3 big kobolds
  19 bullfrogs
  A wyvern zombie (D:6)
  7 scorpions
  13 killer bees
  5 wights (D:11)
  5 electric eels
  4 howler monkeys
  2 quasits
  2 bullfrog zombies (D:13)
  4 centaur zombies
  4 jellies
  4 bullfrog skeletons
  4 orc priests
  8 hounds
  16 orc wizards
  5 centaur skeletons
  2 iguanas
  8 worker ants
  A killer bee zombie (D:8)
  A hound skeleton (D:9)
  A worker ant zombie (D:9)
  4 gnolls (D:2)
  15 adders
  A howler monkey skeleton (D:6)
  15 white imps
  2 ufetubi
  An ooze (D:5)
  3 adder skeletons
  2 adder zombies
  4 worms (D:2)
  3 dart slugs
  3 leopard geckos
  37 orcs
  A ball python (D:1)
  4 giant cockroaches
  4 goblins
  A hobgoblin (D:2)
  13 jackals
  12 kobolds
  5 quokkas
  4 bats
  2 frilled lizards
  3 rats
  2 fire vortices (D:14)
  3 tentacles (Abyss:3)
758 creatures vanquished.

Vanquished Creatures (collateral kills)
  A tentacled monstrosity (Abyss:3)
  An Orb Guardian (Zot:5)
  2 death cobs (Zot:1)
  A kraken (Abyss:3)
  A fire giant (D:15)
  2 ghost moths (Spider:4)
  An angel (Spider:3)
  2 very ugly things (Depths:3)
  A yellow draconian (Zot:2)
  A white draconian (Zot:1)
  A spark wasp (Spider:3)
  A red draconian (Depths:5)
  A merfolk javelineer (Shoals:4)
  A merfolk impaler (Shoals:4)
  A vault guard (D:13)
  A shambling mangrove (Abyss:3)
  2 alligator snapping turtles (Shoals:4)
  3 merfolk aquamancers (Shoals:4)
  A spriggan berserker (Depths:3)
  2 hell knights (Depths:4)
  A deep troll (Depths:4)
  2 harpies (Shoals:4)
  A wolf spider (Spider:3)
  A necromancer (D:13)
  4 orb spiders
  2 manticores
  3 merfolk sirens
  2 water nymphs (Shoals:4)
  An apocalypse crab (Abyss:3)
  An ancient zyme (Abyss:3)
  4 merfolk (Shoals:4)
  3 jumping spiders
  A meliai (D:13)
  2 snapping turtles
  7 redbacks
  3 tarantellas
  A human (D:13)
  2 yaks (D:13)
  A neqoxec (Abyss:3)
  A bullfrog (D:15)
  An electric eel (Spider:4)
  A worker ant (D:13)
72 creatures vanquished.

Vanquished Creatures (others)
  A fire crab (Abyss:3)
  A moth of wrath (Zot:5)
  A boggart (D:15)
  A bush (Lair:4)
  A fire vortex (D:14)
  4 plants
  4 starspawn tentacles (Abyss:3)
  3 tentacles (Abyss:3)
16 creatures vanquished.

Grand Total: 846 creatures vanquished

Notes
Turn   | Place    | Note
-------+----------+-------------------------------------------
     0 | D:1      | EnegeticOcto the Deep Dwarf Fighter began the quest for the
                  | Orb.
     0 | D:1      | Reached XP level 1. HP: 20/20 MP: 1/1
    68 | D:1      | Reached XP level 2. HP: 22/27 MP: 2/2
   106 | D:2      | Reached XP level 3. HP: 28/33 MP: 3/3
   129 | D:2      | Reached XP level 4. HP: 35/42 MP: 4/4
   506 | D:4      | Reached XP level 5. HP: 42/49 MP: 5/5
   545 | D:4      | Noticed an ogre
   553 | D:4      | Killed an ogre
   644 | D:4      | Noticed a phantom
   675 | D:4      | Reached XP level 6. HP: 44/56 MP: 6/6
   702 | D:4      | Reached skill level 5 in Axes
  1375 | D:5      | Entered Level 5 of the Dungeon
  1415 | D:5      | Reached XP level 7. HP: 46/64 MP: 6/6
  1420 | D:5      | Noticed Eustachio
  1431 | D:5      | Reached skill level 5 in Armour
  1455 | D:5      | Reached skill level 5 in Shields
  1470 | D:5      | Killed Eustachio
  1534 | D:5      | Noticed Edmund
  1565 | D:5      | Killed Edmund
  1773 | D:5      | Reached XP level 8. HP: 41/73 MP: 7/7
  2374 | D:7      | Reached skill level 5 in Fighting
  2488 | D:7      | Found a staircase to the Ecumenical Temple.
  2496 | Temple   | Entered the Ecumenical Temple
  2556 | Temple   | Became a worshipper of Makhleb the Destroyer
  2587 | D:7      | Reached skill level 1 in Invocations
  2694 | D:7      | Reached skill level 2 in Invocations
  2845 | D:7      | Reached skill level 3 in Invocations
  2845 | D:7      | Gained mutation: You passively map the area around you.
                  | [Deep Dwarf growth]
  2845 | D:7      | Reached XP level 9. HP: 70/81 MP: 9/9
  3515 | D:8      | Found a staircase to the Lair.
  3589 | D:8      | Reached skill level 4 in Invocations
  3607 | D:8      | Noticed Grum
  3612 | D:8      | Reached * piety under Makhleb
  3630 | D:8      | Killed Grum
  3648 | D:8      | Reached skill level 5 in Invocations
  3892 | D:8      | Noticed Gastronok
  3918 | D:8      | Killed Gastronok
  3918 | D:8      | Reached skill level 7 in Invocations
  3918 | D:8      | Reached XP level 10. HP: 41/91 MP: 11/13
  3939 | D:8      | Noticed Maggie
  3949 | D:8      | Killed Maggie
  3949 | D:8      | Reached skill level 10 in Axes
  4363 | D:9      | Found a shimmering blue altar of Sif Muna.
  4373 | D:9      | Reached skill level 8 in Invocations
  4499 | D:9      | Found a runed translucent door.
  4518 | D:9      | Reached ** piety under Makhleb
  5020 | D:10     | Entered Level 10 of the Dungeon
  5035 | D:10     | Reached skill level 9 in Invocations
  5114 | D:10     | Killed an unseen horror
  5114 | D:10     | Reached XP level 11. HP: 74/99 MP: 15/15
  5288 | D:10     | Found a portal to a secret trove of treasure.
  5353 | D:10     | Reached *** piety under Makhleb
  5453 | D:11     | Reached skill level 10 in Invocations
  5491 | D:11     | Reached **** piety under Makhleb
  5592 | D:11     | Noticed a boulder beetle
  5621 | D:11     | Killed a boulder beetle
  6393 | D:11     | Identified a scroll of acquirement
  6393 | D:11     | Acquired the +4 broad axe "Pomnyone" {vorpal, +Blink}
  6550 | D:12     | Found a frozen archway.
  6593 | D:12     | Noticed a cyan ugly thing
  6608 | D:12     | Killed a cyan ugly thing
  6660 | D:12     | You fall into a shaft and drop 2 floors!
  6692 | D:14     | Reached skill level 11 in Invocations
  6693 | D:14     | Noticed a brown ugly thing
  6693 | D:14     | Noticed a brown ugly thing
  6694 | D:14     | Noticed a brown ugly thing
  6695 | D:14     | Noticed a brown ugly thing
  6699 | D:14     | Killed a brown ugly thing
  6703 | D:14     | Killed a green ugly thing
  6707 | D:14     | Killed a cyan ugly thing
  6713 | D:14     | Killed a purple ugly thing
  6713 | D:14     | Reached XP level 12. HP: 110/110 MP: 16/16
  7160 | D:15     | Entered Level 15 of the Dungeon
  7258 | D:15     | Noticed a boulder beetle
  7268 | D:15     | Killed a boulder beetle
  7268 | D:15     | Reached ***** piety under Makhleb
  7317 | D:15     | Reached skill level 12 in Invocations
  7408 | D:15     | Noticed a centaur warrior
  7417 | D:15     | Killed a centaur warrior
  7614 | D:15     | Found a staircase to the Depths.
  7614 | D:15     | Noticed a fire giant
  7627 | D:15     | Killed a fire giant
  7671 | D:15     | Noticed a five-headed hydra
  7672 | D:15     | Found a glowing golden altar of the Shining One.
  7681 | D:15     | Killed a nine-headed hydra
  7880 | D:15     | Noticed a centaur warrior
  7894 | D:15     | Killed a centaur warrior
  7894 | D:15     | Reached skill level 10 in Shields
  7937 | D:13     | Noticed a two-headed ogre
  7945 | D:13     | Killed a two-headed ogre
  7945 | D:13     | Reached skill level 10 in Armour
  8007 | D:13     | Reached skill level 13 in Invocations
  8096 | D:13     | Reached XP level 13. HP: 91/118 MP: 17/17
  8163 | D:13     | Found a gate to the Vaults.
  8807 | D:13     | Paralysed by a floating eye for 3 turns
  8815 | D:13     | Reached skill level 14 in Invocations
  9290 | Lair:1   | Entered Level 1 of the Lair of Beasts
  9623 | Lair:1   | Found a runed translucent door.
  9628 | Lair:1   | Noticed Ishrent's ghost (novice DsWn)
  9677 | Lair:2   | Acquired the amulet of Miracles {Reflect rPois rN+ Str+4
                  | SH+5}
  9921 | Lair:2   | Reached ****** piety under Makhleb
 10589 | Lair:3   | Found a hole to the Spider Nest.
 10656 | Lair:3   | Gained mutation: You resist negative energy. (rN+) [Deep
                  | Dwarf growth]
 10656 | Lair:3   | Reached XP level 14. HP: 114/129 MP: 20/20
 10765 | Lair:3   | Found a staircase to the Shoals.
 10838 | Lair:3   | Reached skill level 15 in Invocations
 11627 | Lair:4   | Reached skill level 15 in Axes
 11938 | Spider:1 | Entered Level 1 of the Spider Nest
 11946 | Spider:1 | Noticed an emperor scorpion
 11974 | Spider:1 | Killed an emperor scorpion
 11974 | Spider:1 | Reached skill level 1 in Dodging
 11981 | Spider:1 | Noticed an emperor scorpion
 11995 | Spider:1 | Killed an emperor scorpion
 11995 | Spider:1 | Reached skill level 10 in Fighting
 12001 | Spider:1 | Identified Roxanne's Volume of Stones
 12001 | Spider:1 | Noticed Roxanne
 12011 | Spider:1 | Noticed an entropy weaver
 12041 | Spider:1 | Killed an entropy weaver
 12072 | Spider:1 | Reached skill level 16 in Invocations
 12289 | Spider:3 | Noticed Louise
 12296 | Spider:3 | Reached XP level 15. HP: 138/138 MP: 22/22
 12321 | Spider:3 | Cast into level 3 of the Abyss (Louise)
 12403 | Abyss:3  | Noticed a hellephant
 12442 | Abyss:3  | Noticed a tentacled monstrosity
 12444 | Abyss:3  | Noticed an Executioner
 12447 | Abyss:3  | Noticed a tentacled monstrosity
 12469 | Abyss:3  | Killed a tentacled monstrosity
 12480 | Abyss:3  | Killed a tentacled monstrosity
 12483 | Abyss:3  | Got an abyssal rune of Zot
 12487 | Abyss:3  | Noticed a kraken
 12494 | Abyss:3  | Killed a kraken
 12542 | Abyss:3  | Gained mutation: You are frail. (-10% HP) [a cacodemon]
 12632 | Abyss:3  | Noticed a tentacled starspawn
 12641 | Abyss:3  | Gained mutation: Your magical capacity is low. (-10% MP) [a
                  | neqoxec]
 12649 | Abyss:3  | Killed a tentacled starspawn
 12651 | Spider:3 | Escaped the Abyss
 12679 | Spider:3 | Killed Louise
 12701 | Spider:3 | Reached skill level 17 in Invocations
 12768 | Spider:3 | Noticed Arachne
 12789 | Spider:3 | Killed Arachne
 13081 | Spider:3 | Acquired 458 gold pieces
 13094 | Spider:4 | Entered Level 4 of the Spider Nest
 13156 | Spider:4 | Reached skill level 5 in Dodging
 13250 | Spider:4 | Killed a ghost moth
 13256 | Spider:4 | Reached XP level 16. HP: 103/133 MP: 1/14
 13393 | Spider:4 | Got a gossamer rune of Zot
 13545 | Shoals:1 | Entered Level 1 of the Shoals
 13716 | Shoals:3 | Reached skill level 18 in Invocations
 13743 | Shoals:4 | Entered Level 4 of the Shoals
 13749 | Shoals:4 | Reached skill level 1 in Evocations
 13786 | Shoals:4 | Identified the +1 helmet "Mejig" {MR+ MP+9 Slay-2} (You
                  | found it on level 4 of the Shoals)
 13878 | Shoals:4 | Noticed an Executioner
 13980 | Shoals:4 | Got a barnacled rune of Zot
 14290 | D:12     | Found a glowing silver altar of Zin.
 14805 | Depths:1 | Entered Level 1 of the Depths
 14874 | Depths:2 | Found a gateway to Hell.
 15071 | Depths:4 | Reached XP level 17. HP: 143/143 MP: 12/12
 15193 | Depths:5 | Entered Level 5 of the Depths
 15250 | Depths:5 | Found a gate to the Realm of Zot.
 15250 | Depths:5 | Noticed a bone dragon
 15250 | Depths:5 | Noticed a bone dragon
 15259 | Depths:5 | Reached skill level 19 in Invocations
 15259 | Depths:5 | Reached skill level 5 in Evocations
 15282 | Depths:5 | Killed a bone dragon
 15288 | Depths:5 | Killed a bone dragon
 15318 | Zot:1    | Entered Level 1 of the Realm of Zot
 15393 | Zot:1    | Noticed an electric golem
 15407 | Zot:1    | Killed an electric golem
 15631 | Zot:4    | Noticed an orb of fire
 15642 | Zot:4    | Noticed an electric golem
 15642 | Zot:4    | Noticed a golden dragon
 15645 | Zot:4    | Gained mutation: You are very frail. (-20% HP) [an orb of
                  | fire]
 15657 | Zot:4    | Gained mutation: You are extremely frail. (-30% HP) [an orb
                  | of fire]
 15681 | Zot:4    | Killed an orb of fire
 15681 | Zot:4    | Gained mutation: You passively map a large area around you.
                  | [Deep Dwarf growth]
 15681 | Zot:4    | Reached XP level 18. HP: 119/119 MP: 11/11
 15695 | Zot:4    | Reached skill level 20 in Invocations
 15703 | Zot:4    | Killed a golden dragon
 15721 | Zot:4    | Killed an electric golem
 15736 | Zot:5    | Entered Level 5 of the Realm of Zot
 15750 | Zot:5    | Noticed an Orb Guardian
 15750 | Zot:5    | Noticed an Orb Guardian
 15750 | Zot:5    | Noticed an Orb Guardian
 15777 | Zot:5    | Noticed an Orb Guardian
 15779 | Zot:5    | Noticed an ancient lich
 15779 | Zot:5    | Noticed an Orb Guardian
 15779 | Zot:5    | Noticed an Orb Guardian
 15779 | Zot:5    | Noticed an Orb Guardian
 15782 | Zot:5    | Noticed a golden dragon
 15805 | Zot:5    | Noticed an ancient lich
 15814 | Zot:5    | Noticed an Orb Guardian
 15819 | Zot:5    | Killed an Orb Guardian
 15821 | Zot:5    | Noticed an Orb Guardian
 15823 | Zot:5    | Noticed an Orb Guardian
 15828 | Zot:5    | Noticed an Orb Guardian
 15835 | Zot:5    | HP: 1/119 [ancient lich/iron shot (78)]
 15836 | Zot:5    | Killed an Orb Guardian
 15836 | Zot:5    | Mangled by an Orb Guardian

Illustrated notes

Levels and vault maps discovered:
D:1:      matt_arrival_los_fun, layout_loops_ring
D:2:      layout_rooms
D:3:      layout_loops_ring, uniq_robin
D:4:      layout_loops_corners
D:5:      layout_rooms, uniq_eustachio, uniq_edmund
D:6:      layout_basic
D:7:      layout_layer_cave, minmay_temple_entry_slanted
D:8:      layout_loops_ring, lair_entry_dummy, minmay_joined_circles,
          uniq_maggie, uniq_gastronok, uniq_grum
D:9:      layout_cave_pods, old_standard_altar, minmay_st_funbox,
          grunt_decor_fettered
D:10:     layout_cross, enter_trove_3, pond
D:11:     layout_basic, erik_orc_2, minmay_hedge_maze
D:12:     layout_gridville, basic_altar, portal_ice_cave_entry_imps,
          lemuel_flamethrower_3
D:13:     cheibrodos_hippocracy, layout_basic, grunt_vaults_entry_tiered
D:14:     layout_cave_pools, serial_park_tiny_1, hangedman_incinerator
D:15:     grunt_enter_depths_giant_problem, layout_long_grid,
          columned_hall_lemuel, basic_altar
Temple:   grunt_wide_crystal_templ
Lair:1:   layout_long_grid, ebering_ghost_reflecting_pool
Lair:2:   layout_cave_pods, nicolae_quartered_pool_little
Lair:3:   layout_hall_layers, minmay_shoals_entry_centaurs, dummy_spider_entry,
          lemuel_fruit_fields
Lair:4:   layout_cave_pods, beast_lair_carwin_3
Shoals:1: layout_shoals, serial_shops, nicolae_shop_stone,
          nicolae_shop_statue_plus, shop_fountains, nicolae_shop_stone,
          nicolae_shop_crystal
Shoals:2: layout_shoals
Shoals:3: layout_shoals, uniq_ilsuiw
Shoals:4: shoals_end_hangedman, layout_shoals
Spider:1: layout_spider_delve, uniq_roxanne
Spider:2: layout_chambers, uniq_kirke
Spider:3: layout_spider_delve, uniq_arachne, uniq_louise
Spider:4: spider_rune_water, nicolae_spider_cling_ruins
Depths:1: layout_cave_pools, hell_entry, serial_shops, nicolae_shop_statue_plus,
          st_stairs_10, nicolae_transmutations_shop, kennysheep_generic_room_14,
          roderic_lattice_octagonal_star, serial_bayou_shore_a
Depths:2: minmay_the_grid_3x3 [minmay_the_grid_rooms,
          minmay_the_grid_minigrid_small_alt, minmay_the_grid_box_x,
          minmay_the_grid_aliased_spiral, minmay_the_grid_fan,
          minmay_the_grid_large_cup, minmay_the_grid_armoury,
          minmay_the_grid_all_tris, minmay_the_grid_prize_shrinking_boxes],
          layout_honeycomb, kennysheep_nub, hell_entry, grunt_pan_entry_spiral,
          infiniplex_staircase_river
Depths:3: minmay_octagon_keep, layout_cave_pools, enter_ziggurat_a,
          minmay_misc_feat_tower, pan_entry, grunt_mini_vestibule, serial_shops,
          bzr_entry_water, serial_bayou_ford_a, uniq_sojobo, uniq_bai_suzhen
Depths:4: minmay_skeletal_surprise, layout_gridlike, serial_shops,
          bzr_entry_islet, hell_entry, abyss_entry, minmay_holes,
          minmay_staircase_windowed_large
Depths:5: grunt_x_marks_the_spot, layout_basic, rand_demon_pan_entry_1,
          serial_shops, nicolae_shop_crystal, hell_entry, minmay_misc_feat_rows
Zot:1:    layout_onion
Zot:2:    layout_cathedral_of_symmetry, st_stairs_11, grunt_ministairs_14,
          grunt_megastairs_1
Zot:3:    layout_gridlike
Zot:4:    cheibrodos_zot_enchanting_chambers, layout_gridlike,
          grunt_ministairs_15
Zot:5:    layout_basic, nrook_zot_tub

Skill      XL: |  1  2  3  4  5  6  7  8  9 10 11 12 13 14 15 16 17 18 |
---------------+-------------------------------------------------------+-----
Axes           | 3 4 5 6 8 9 10 12 13 14 15 16 | 16.8
Fighting       | 3 4 5 6 7 8 9 10 11 13 | 13.4
Armour         | 4 5 6 7 8 9 10 11 12 13 14 | 14.2
Shields        | 4 5 6 7 8 9 10 11 12 13 14 | 14.3
Invocations    | 3 7 9 11 13 14 16 17 18 19 20 | 20.0
Dodging        | 2 5 7 8 9 |  9.2
Evocations     | 4 7 8 |  8.1

Action                   |  1- 3 |  4- 6 |  7- 9 | 10-12 | 13-15 | 16-18 || total
-------------------------+-------+-------+-------+-------+-------+-------++-------
Melee: War axe           |    38 |   197 |   344 |   495 |   900 |   604 ||  2578
       Broad axe         |       |       |       |    94 |       |       ||    94
Invok: Lesser Servant of |       |       |       |     2 |    13 |    25 ||    40
       Greater Servant o |       |       |       |       |     9 |     8 ||    17
 Abil: Heal Wounds       |     2 |     4 |    18 |    22 |    27 |    52 ||   125
Evoke: Wand              |       |       |       |     2 |     1 |    37 ||    40
  Use: Scroll            |       |       |    15 |    15 |    14 |    15 ||    59
       Potion            |       |       |       |       |     2 |     5 ||     7
 Stab: Distracted        |       |       |       |     1 |     6 |     8 ||    15
       Paralysed         |       |       |       |       |       |     3 ||     3
Armor: Scale mail        |    27 |    31 |       |       |       |       ||    58
       Chain mail        |       |    51 |   125 |       |       |       ||   176
       Plate armour      |       |       |    82 |   406 |   722 |   466 ||  1676
Dodge: Dodged            |    19 |    46 |    74 |   150 |   306 |   304 ||   899
Block: Kite shield       |    32 |   113 |   254 |   440 |  1079 |   846 ||  2764
       Reflection        |       |       |       |       |    14 |    24 ||    38

Table legend: (Time is in decaauts)
 A = Elapsed time spent in this place.
 B = Non-inter-level travel time spent in this place.
 C = Inter-level travel time spent in this place.
 D = Time resting spent in this place.
 E = Time spent auto-exploring this place.
 F = Levels seen in this place.
 G = Mean time per level.
                   A        B        C        D        E       F      G
               +--------+--------+--------+--------+--------+-----+--------+
         Total |  15733 |  14568 |   1165 |    161 |   9858 |  39 |  403.4 |
       Dungeon |  10055 |   9479 |    576 |     17 |   6969 |  15 |  670.3 |
        Temple |     68 |     47 |     21 |      0 |     45 |   1 |   68.0 |
          Lair |   2653 |   2429 |    224 |      0 |   2001 |   4 |  663.2 |
        Shoals |    528 |    388 |    140 |      0 |    143 |   4 |  132.0 |
   Spider Nest |   1183 |   1033 |    150 |      0 |    390 |   4 |  295.8 |
        Depths |    451 |    434 |     17 |      0 |    159 |   5 |   90.2 |
           Zot |    486 |    451 |     35 |    134 |      0 |   5 |   97.2 |
         Abyss |    305 |    305 |      0 |     10 |    150 |   1 |  305.0 |
               +--------+--------+--------+--------+--------+-----+--------+

Top non-repeatable levels by time:
    D:13: 1263 daAuts
     D:7: 1181 daAuts
    D:11: 1074 daAuts
     D:4: 969 daAuts
  Lair:2: 857 daAuts
    D:12: 827 daAuts
     D:8: 822 daAuts
    D:15: 792 daAuts
  Lair:4: 767 daAuts
     D:9: 760 daAuts
  Lair:3: 624 daAuts
    D:14: 525 daAuts
     D:5: 502 daAuts
Spider:3: 484 daAuts
     D:6: 434 daAuts
